 Dungeon Crawl Stone Soup version 0.32-a0-433-g08bcfe7efd (webtiles) character file.

Game seed: 7148976907213631390

17588 CougarLife the Destroyer (level 12, -20/59 HPs)
             Began as a Gargoyle Earth Elementalist on Feb 23, 2024.
             Was an Elder of Vehumet.
             Blown up by an orb spider (49 damage)
             ... with an orb of destruction
             ... on level 2 of the Lair of Beasts.
             The game lasted 00:22:48 (14017 turns).

CougarLife the Destroyer (GrEE)                    Turns: 14017, Time: 00:22:48

Health: -20/59     AC: 24    Str: 13    XL:     12   Next: 49%
Magic:  26/26      EV: 11    Int: 22    God:    Vehumet [****..]
Gold:   1026       SH: 11    Dex: 14    Spells: 27/31 levels left

rFire   . . .        o - +2 dagger (venom)
rCold   + . .        L - +6 buckler of the Moon {Will+ Str+2}
rNeg    + . .        O - +2 leather armour "Konyff" {rC+ rCorr Dex+4}
rPois   ∞            M - +1 hat
rElec   +            S - +0 cloak
rCorr   +            (no gloves)
SInv    .            N - +0 pair of boots
Will    +....        y - amulet of magic regeneration
Stlth   ++           i - +4 ring of protection
HPRegen 0.29/turn    z - +4 ring of protection
MPRegen 0.60/turn

%: no passive effects
@: no status effects
A: sickness immunity, AC +8, negative energy resistance 1, electricity
resistance, torment resistance 1, petrification resistance
a: Renounce Religion


You were on level 2 of the Lair of Beasts.
You worshipped Vehumet.
Vehumet was greatly pleased with you.
You visited 3 branches of the dungeon, and saw 14 of its levels.
You also visited: Sewer.

You collected 1203 gold pieces.
You spent 177 gold pieces at shops.

Inventory:

Hand Weapons
 o - a +2 dagger of venom (weapon)
Missiles
 T - 3 curare-tipped darts
 W - 4 throwing nets
Armour
 L - the +6 buckler of the Moon (worn) {Will+ Str+2}
   (You found it on level 10 of the Dungeon)

   Str+2:     It affects your strength (+2).
   Will+:     It increases your willpower.
 M - a +1 hat (worn)
 N - a +0 pair of boots (worn)
 O - the +2 leather armour "Konyff" (worn) {rC+ rCorr Dex+4}
   (You found it on level 9 of the Dungeon)

   Dex+4:     It affects your dexterity (+4).
   rC+:       It protects you from cold.
   rCorr:     It protects you from acid and corrosion.
 S - a +0 cloak (worn)
Jewellery
 i - a +4 ring of protection (left hand)
 v - a ring of protection from fire
 y - an amulet of magic regeneration (around neck)
 z - a +4 ring of protection (right hand)
 G - a ring of protection from cold
 P - a ring of protection from fire
 Q - a ring of willpower
Wands
 e - a wand of roots (21)
 I - a wand of polymorph (8)
 K - a wand of quicksilver (3)
 V - a wand of digging (1)
Scrolls
 g - 3 scrolls of teleportation
 h - 2 scrolls of summoning
 m - 5 scrolls of noise
 n - 6 scrolls of blinking
 p - 4 scrolls of fog
 q - 2 scrolls of silence {unknown}
 u - a scroll of enchant armour {unknown}
 w - a scroll of acquirement {unknown}
 B - 3 scrolls of fear {unknown}
 C - 4 scrolls of amnesia
 D - 2 scrolls of immolation {unknown}
 E - a scroll of poison {unknown}
 F - 3 scrolls of identify
 H - a scroll of enchant weapon {unknown}
 R - a scroll of revelation {unknown}
 X - a scroll of torment {unknown}
Potions
 a - a potion of enlightenment {unknown}
 b - 3 potions of magic
 c - a potion of might
 d - 4 potions of heal wounds
 f - 12 potions of degeneration
 j - 3 potions of mutation
 k - 2 potions of ambrosia
 l - 4 potions of curing
 r - 3 potions of haste
 s - a potion of invisibility {unknown}
 t - 2 potions of resistance {unknown}
 x - a potion of attraction {unknown}
 A - 2 potions of lignification {unknown}
 J - a potion of berserk rage {unknown}
 U - a potion of cancellation {unknown}
 Y - 2 potions of brilliance {unknown}


   Skills:
 - Level 1.5 Dodging
 - Level 2.1 Stealth
 * Level 6.5 Shields
 + Level 10.1 Spellcasting
 + Level 11.6 Conjurations
 - Level 7.0 Air Magic
 + Level 11.2 Earth Magic


You had 27 spell levels left.
You knew the following spells:

 Your Spells              Type           Power      Damage    Failure   Level
a - Sandblast             Erth           100%       2d20      1%          1
b - Stone Arrow           Conj/Erth      100%       3d13      1%          3

Your spell library contained the following spells:

 Spells                   Type           Power      Damage    Failure   Level
 Sticky Flame             Fire/Alch      11%        2d5       24%         4
 Momentum Strike          Conj/Tloc      72%        3d10      1%          2
 Passwall                 Erth           57%        N/A       1%          3
 Brom's Barrelling Bould  Conj/Erth      57%        2d7       1%          4
 Summon Small Mammal      Summ           44%        N/A       10%         1
 Petrify                  Alch/Erth      35%        N/A       10%         4
 Blink                    Tloc           22%        N/A       16%         2
 Lesser Beckoning         Tloc           22%        N/A       16%         2
 Call Canine Familiar     Summ           11%        N/A       30%         3
 Fugue of the Fallen      Necr           11%        N/A       30%         3
 Ozocubu's Armour         Ice            11%        N/A       30%         3
 Manifold Assault         Tloc           11%        N/A       69%         4
 Summon Blazeheart Golem  Fire/Summ      11%        N/A       69%         4


Dungeon Overview and Level Annotations

Branches:
Dungeon (11/15)            Temple (1/1) D:5            Lair (2/5) D:8
 Spider (0/4) Lair:2          Orc (0/2) D:9           Sewer (visited)
  Swamp: Lair:2-3    Shoals: Lair:2-3

Altars:
Ashenzari
Cheibriados
Dithmenos
Elyvilon
Fedhas
Gozag
Hepliaklqana
Kikubaaqudgha
Makhleb
Nemelex Xobeh
Okawaru
Qazlal
Ru
Sif Muna
Trog
Uskayaw
Vehumet
Wu Jian
Xom
Yredelemnul
Zin
The Shining One

Shops:
D:4 ?   D:7 (?   D:11 [

Portals:
Trove: D:10 (give +6 demon whip)


Innate Abilities, Weirdness & Mutations

You are immune to sickness and miasma.
Your stone body is resilient. (AC +8)
You are immune to poison.
You resist negative energy. (rN+)
You are resistant to electric shocks. (rElec)
You are resistant to unholy torment.
You are immune to petrification.


Message History

Vehumet accepts your kill.
You feel your power returning.
A water moccasin comes into view.
The blast of sand hits the water moccasin!!
You kill the water moccasin!
Vehumet accepts your kill.
You feel your power returning.
Magic restored.
D - 2 scrolls labelled MYRINILIEGG (gained 1)
W - 4 throwing nets (gained 2)
You see here a +0 ring mail.
Y - 2 fizzy pink potions
A - 2 pink potions (gained 1)
Found 5 stones.
You see here 5 stones.
An orb spider comes into view.
Found a hole to the Spider Nest.
The orb spider pulsates with a strange energy.
You start waiting.
Done waiting.
You start waiting.
Done waiting.
You start waiting.
Done waiting.
The orb spider weaves a glowing orb of energy.
An orb of destruction comes into view.
You are caught in the web!
There is a web here.
You struggle to detach yourself from the web.
The orb of destruction hits you!!
Ouch! That really hurt!
The orb spider begins to weave its threads into a brightly glowing ball.
You struggle to detach yourself from the web.
You disentangle yourself.
The orb spider weaves a glowing orb of energy.
An orb of destruction comes into view.
The orb spider pulsates with a strange energy.
The orb of destruction hits you!!!
Ouch! That really hurt!
You die...

...##..###^.+^>.+.##..#......##
...###..##.^≈.s.≈.######......##
....##..###.≈≈≈≈≈.###.#........##
#........##.≈°≈≈^.##.....#.....#.
.#.......##.^○#.# #.#...........#
##..#P....#...○.####....#....##..
##.###...^#...○.#.#.....#...###..
#...##...^^....☼#......#....# ###
#.#.##....^##..#@#..#......##
..####...##.^#...^#..#......#
...####...#########..#.#...##
...#.#......######P..####P....
^..##............##..# .......
........###.......#..# .......
..#####..##.......P.## ...... ..#
#...#...###...#####...... ..#
##...#### ##.......#.


You could see an orb spider (charged).

Vanquished Creatures
  A centaur warrior (D:11)
  A catoblepas (Lair:1)
  4 two-headed ogres
  Sonja (Lair:1)
  An arcanist (D:10)
  An ugly thing (D:11)
  Maurice (D:11)
  A manticore (D:11)
  A cyclops (D:11)
  A cane toad (Lair:2)
  Joseph (D:10)
  A rime drake (D:8)
  A komodo dragon (Lair:1)
  An unseen horror (D:10)
  A tengu conjurer (D:10)
  A troll (D:10)
  A hornet (D:9)
  8 blink frogs
  A centaur simulacrum (D:10)
  A shadow (D:10)
  A spriggan (D:9)
  3 vampires (D:10)
  2 wraiths
  9 yaks
  3 steam dragons
  5 water moccasins
  3 acid dragons
  3 ice beasts (D:8)
  6 orc warriors
  A black bear (D:5)
  A sky beast (D:6)
  An ogre (D:6)
  3 wolves
  7 centaurs
  4 kobold brigands
  A scorpion (D:5)
  A gnoll sergeant (D:8)
  4 bullfrogs
  5 wights (D:7)
  5 killer bees
  A howler monkey (D:6)
  2 bombardier beetles
  5 hounds
  A gnoll bouda (D:9)
  5 orc priests
  2 jellies
  2 iguanas (D:5)
  A sleepcap (D:5)
  7 orc wizards
  13 gnolls
  11 adders
  4 river rats (Sewer)
  A white imp (D:7)
  A dart slug (D:5)
  A ribbon worm (D:3)
  39 orcs
  14 ball pythons
  4 bats
  7 endoplasms
  4 giant cockroaches
  6 goblins
  8 hobgoblins
  5 jackals
  23 kobolds
  3 quokkas
  9 frilled lizards
  15 rats
292 creatures vanquished.

Vanquished Creatures (others)
  A slime creature (D:10)
  A centaur simulacrum (D:10)
2 creatures vanquished.

Grand Total: 294 creatures vanquished

Notes
Turn   | Place    | Note
-------+----------+-------------------------------------------
     0 | D:1      | CougarLife the Gargoyle Earth Elementalist began the quest
                  | for the Orb.
     0 | D:1      | Reached XP level 1. HP: 10/10 MP: 3/3
   267 | D:1      | Reached XP level 2. HP: 15/15 MP: 3/5
   907 | D:2      | Reached XP level 3. HP: 19/19 MP: 4/6
  1359 | D:2      | Identified the +5 chain mail of Syafig Mauth {Int+3}
  1424 | D:3      | Reached XP level 4. HP: 20/24 MP: 2/8
  1696 | D:3      | Reached XP level 5. HP: 27/28 MP: 0/9
  1797 | D:3      | Reached skill level 5 in Earth Magic
  1881 | D:3      | Learned a level 3 spell: Stone Arrow
  1917 | D:3      | You fall into a shaft and drop 2 floors!
  1917 | D:5      | Entered Level 5 of the Dungeon
  2067 | D:4      | Found a glowing drain.
  2071 | Sewer    | Entered a sewer
  2320 | Sewer    | Reached XP level 6. HP: 22/32 MP: 7/11
  3140 | D:4      | Found Liuxaczicla's Magic Scroll Shoppe.
  3369 | D:4      | Bought a scroll of identify for 20 gold pieces
  3369 | D:4      | Bought a scroll of blinking for 75 gold pieces
  3369 | D:4      | Bought a scroll of identify for 20 gold pieces
  3475 | D:4      | Bought a scroll of teleportation for 30 gold pieces
  3759 | D:4      | Reached XP level 7. HP: 36/36 MP: 9/13
  4376 | D:5      | Identified the +5 chain mail "Okoos" {^Contam Will+ Int+8
                  | Stlth+}
  4386 | D:5      | Reached skill level 5 in Conjurations
  4495 | D:5      | Found a staircase to the Ecumenical Temple.
  4510 | Temple   | Entered the Ecumenical Temple
  4528 | Temple   | Became a worshipper of Vehumet
  4739 | D:5      | Reached skill level 5 in Spellcasting
  4781 | D:5      | Reached XP level 8. HP: 41/41 MP: 10/15
  5341 | D:6      | Found a stormy altar of Qazlal.
  6021 | D:6      | Found an iron altar of Okawaru.
  6565 | D:7      | Reached XP level 9. HP: 36/45 MP: 15/18
  6567 | D:7      | Reached * piety under Vehumet
  6567 | D:7      | Offered knowledge of Kiss of Death by Vehumet.
  6946 | D:7      | Found Oxirghor's Magic Scroll Emporium.
  6949 | D:7      | Bought a scroll of identify for 32 gold pieces
  7127 | D:7      | Found Ocrocseg's Weapon Boutique.
  7226 | D:7      | Found a shimmering blue altar of Sif Muna.
  7329 | D:7      | Reached ** piety under Vehumet
  7329 | D:7      | Offered knowledge of Freeze by Vehumet.
  7730 | D:8      | Noticed a rime drake
  7732 | D:8      | Reached skill level 10 in Earth Magic
  7971 | D:8      | Reached XP level 10. HP: 28/50 MP: 21/21
  8254 | D:8      | Found a staircase to the Lair.
  8316 | D:8      | Found a sacrificial altar of Ru.
  8436 | D:8      | Offered knowledge of Searing Ray by Vehumet.
  9059 | D:9      | Reached *** piety under Vehumet
  9066 | D:8      | Reached skill level 1 in Air Magic
  9285 | D:9      | Noticed a two-headed ogre
  9291 | D:9      | Killed a two-headed ogre
  9339 | D:9      | Identified the +2 leather armour "Konyff" {rC+ rCorr Dex+4}
  9349 | D:9      | Found a staircase to the Orcish Mines.
  9352 | D:9      | Noticed a two-headed ogre
  9366 | D:9      | Killed a two-headed ogre
  9368 | D:9      | Reached skill level 10 in Conjurations
  9484 | D:9      | Reached XP level 11. HP: 28/54 MP: 19/23
  9486 | D:9      | Offered knowledge of Sticky Flame by Vehumet.
  9710 | D:9      | Found an ornate altar of the Wu Jian Council.
  9820 | D:9      | Found a bloodstained altar of Trog.
  9820 | D:9      | Found a glowing golden altar of the Shining One.
 10243 | D:10     | Entered Level 10 of the Dungeon
 10339 | D:10     | Noticed Joseph
 10343 | D:10     | Killed Joseph
 10397 | D:10     | Found a portal to a secret trove of treasure.
 10559 | D:10     | Noticed a deep elf pyromancer
 10560 | D:10     | Noticed a centaur warrior
 10560 | D:10     | Noticed a tengu warrior
 10560 | D:10     | Noticed a deep elf pyromancer
 10560 | D:10     | Noticed a tengu warrior
 10569 | D:10     | Noticed a manticore
 10569 | D:10     | Noticed an orc knight
 10682 | D:10     | Reached skill level 5 in Air Magic
 10719 | D:10     | Noticed an arcanist
 10723 | D:10     | Killed an arcanist
 10905 | D:10     | Identified the +6 buckler of the Moon {Will+ Str+2}
 11132 | D:10     | Noticed a two-headed ogre
 11137 | D:10     | Killed a two-headed ogre
 11138 | D:10     | Reached skill level 1 in Shields
 11642 | D:11     | Noticed a manticore
 11656 | D:11     | Killed a manticore
 11734 | D:11     | Noticed a two-headed ogre
 11743 | D:11     | Killed a two-headed ogre
 11919 | D:11     | Noticed a green ugly thing
 11935 | D:11     | Killed a green ugly thing
 11935 | D:11     | Reached **** piety under Vehumet
 12000 | D:11     | Found Wiucvyn Seaw's Antique Armour Shoppe.
 12018 | D:11     | Noticed a centaur warrior
 12023 | D:11     | Killed a centaur warrior
 12024 | D:11     | Reached XP level 12. HP: 58/59 MP: 21/25
 12087 | D:11     | Noticed Maurice
 12094 | D:11     | Killed Maurice
 12626 | Lair:1   | Entered Level 1 of the Lair of Beasts
 12736 | Lair:1   | Reached skill level 5 in Shields
 12811 | Lair:1   | Noticed Sonja
 12815 | Lair:1   | Killed Sonja
 13142 | Lair:1   | Noticed a catoblepas
 13168 | Lair:1   | Killed a catoblepas
 13169 | Lair:1   | Reached skill level 10 in Spellcasting
 13701 | Lair:2   | Found a hole to the Spider Nest.
 14017 | Lair:2   | Blown up by an orb spider

Illustrated notes

Levels and vault maps discovered:
D:1:      erik_arrival_blinker_ship, layout_basic
D:2:      layout_loops_ring
D:3:      layout_basic, lexackson_kobold_supper
D:4:      layout_basic, serial_shops, shop,
          mainiacjoe_sewer_entry_somewhere_in_here_2
D:5:      layout_loops_ring, temple_green
D:6:      layout_loops_corners, mainiacjoe_overflow_24_doors,
          kennysheep_okawaru_gauntlet
D:7:      layout_loops_corners, marbit_many_paths, serial_shops,
          nicolae_shop_real_fake_doors, nicolae_shop_back_alley_shop
D:8:      layout_basic, nicolae_ru_path_of_blood, hellmonk_lair_entry_icy,
          enter_bailey_7, lemuel_flame_loot_1
D:9:      layout_basic, nzn_wu_jian_contemplation,
          mainiacjoe_overflow_divided_tiny, orc_david_3, the_hattery
D:10:     minmay_distorted_concentric_squares, layout_stronghold, enter_trove_6,
          minivault_12, uniq_joseph
D:11:     layout_cave_pods, serial_shops, shop, uniq_maurice
Temple:   bh_familiar_temple
Lair:1:   layout_cellular_growth, uniq_sonja
Lair:2:   layout_layer_cave, elwin_shoals_entry_stream,
          nicolae_spider_entry_orb_guardian

Skill      XL: |  1  2  3  4  5  6  7  8  9 10 11 12 |
---------------+-------------------------------------+-----
Earth Magic    | 4 5 6 7 8 10 11 | 11.2
Conjurations   | 2 3 4 5 6 8 10 11 | 11.6
Spellcasting   | 3 4 5 6 7 8 9 10 | 10.1
Air Magic      | 4 6 7 |  7.0
Shields        | 4 6 |  6.5
Dodging        | |  1.5
Stealth        | |  2.1

Action                     |  1- 3 |  4- 6 |  7- 9 | 10-12 || total
---------------------------+-------+-------+-------+-------++-------
  Melee: Unarmed           |    20 |       |       |       ||    20
         Dagger            |       |    69 |    12 |    30 ||   111
   Cast: Sandblast         |    41 |    89 |   147 |    86 ||   363
         Stone Arrow       |       |       |    28 |   149 ||   177
    Use: Scroll            |       |     8 |     4 |       ||    12
 Armour: Robe              |    27 |   159 |    99 |     7 ||   292
         Steam dragon scal |       |       |       |    18 ||    18
         Acid dragon scale |       |       |       |    28 ||    28
         Leather armour    |       |       |       |   108 ||   108
  Dodge: Dodged            |    28 |   123 |    48 |    71 ||   270
  Block: Buckler           |       |       |       |    23 ||    23

Table legend: (Time is in decaauts)
 A = Elapsed time spent in this place.
 B = Non-inter-level travel time spent in this place.
 C = Inter-level travel time spent in this place.
 D = Time resting spent in this place.
 E = Time spent auto-exploring this place.
 F = Levels seen in this place.
 G = Mean time per level.
                   A        B        C        D        E       F      G
               +--------+--------+--------+--------+--------+-----+--------+
         Total |  14267 |  13408 |    859 |   2025 |   8863 |  15 |  951.1 |
       Dungeon |  12313 |  11503 |    810 |   1636 |   7729 |  11 | 1119.4 |
        Temple |     35 |      2 |     33 |      0 |      0 |   1 |   35.0 |
          Lair |   1401 |   1386 |     15 |    312 |    909 |   2 |  700.5 |
         Sewer |    516 |    516 |      0 |     77 |    225 |   1 |  516.0 |
               +--------+--------+--------+--------+--------+-----+--------+

Top non-repeatable levels by time:
     D:7: 1516 daAuts
     D:8: 1360 daAuts
    D:10: 1259 daAuts
     D:4: 1231 daAuts
     D:5: 1136 daAuts
     D:9: 1125 daAuts
     D:6: 1121 daAuts
    D:11: 1098 daAuts
     D:3: 937 daAuts
     D:2: 803 daAuts
  Lair:1: 787 daAuts
     D:1: 723 daAuts
  Lair:2: 614 daAuts
   Sewer: 516 daAuts
  Temple: 35 daAuts
